 Dungeon Crawl Stone Soup version 0.23.2-33-g5129a83184 (webtiles) character file.

Game seed: 15334063672286585567

105 troglodite the Fighter (level 4, -1/45 HPs)
             Began as a Gnoll Wanderer on July 6, 2019.
             Slain by a worm (10 damage)
             ... on level 3 of the Dungeon.
             The game lasted 00:08:06 (2269 turns).

troglodite the Fighter (Gnoll Wanderer)             Turns: 2269, Time: 00:08:07

Health: -1/45      AC:  7    Str: 18    XL:     4   Next: 83%
Magic:  5/5        EV: 11    Int: 12    God:
Gold:   55         SH:  0    Dex: 14    Spells: 5/5 levels left

rFire    . . .     SeeInvis .   a - +2 dagger
rCold    . . .     Gourm    .   (no shield)
rNeg     + . .     Faith    .   l - +0 ring mail
rPois    .         Spirit   .   (no helmet)
rElec    .         Reflect  .   (no cloak)
rCorr    .         Harm     .   (no gloves)
MR       .....                  j - +1 pair of boots
Stlth    +.........             (no amulet)
HPRegen  0.15/turn              d - ring of positive energy
MPRegen  0.09/turn              (no ring)

@: very slow
A: distributed training, fangs 1, strong nose
a: no special abilities


You were on level 3 of the Dungeon.
You were hungry.

You visited 1 branch of the dungeon, and saw 3 of its levels.

You collected 55 gold pieces.

Inventory:

Hand Weapons
 a - a +2 dagger (weapon)
Missiles
 e - 6 tomahawks (quivered)
Armour
 j - a +1 pair of boots (worn)
 l - a +0 ring mail (worn)
Jewellery
 d - a ring of positive energy (left hand)
Scrolls
 c - 2 scrolls of identify
 h - a scroll of remove curse {unknown}
Potions
 b - a potion of heal wounds
 g - a potion of degeneration {unknown}
 i - 2 potions of berserk rage
 k - a potion of ambrosia {unknown}
 m - a potion of mutation {unknown}
 n - a potion of flight {unknown}
Comestibles
 f - 7 rations
 o - a chunk of flesh


   Skills:
 + Level 8.6 Fighting
 + Level 1.2 Short Blades
 + Level 1.2 Long Blades
 + Level 2.8 Axes
 + Level 1.2 Maces & Flails
 + Level 2.8 Polearms
 + Level 1.2 Staves
 + Level 1.2 Slings
 + Level 1.2 Bows
 + Level 1.2 Crossbows
 + Level 2.8 Throwing
 + Level 2.8 Armour
 + Level 1.2 Dodging
 + Level 4.3 Stealth
 + Level 1.2 Shields
 + Level 1.2 Unarmed Combat
 + Level 1.2 Spellcasting
 + Level 1.0 Conjurations
 + Level 1.0 Hexes
 + Level 1.0 Charms
 + Level 1.0 Summonings
 + Level 1.0 Necromancy
 + Level 1.0 Translocations
 + Level 1.0 Transmutations
 + Level 1.0 Fire Magic
 + Level 1.0 Ice Magic
 + Level 1.0 Air Magic
 + Level 1.0 Earth Magic
 + Level 1.0 Poison Magic
 + Level 1.3 Invocations
 + Level 1.2 Evocations


You had 5 spell levels left.
You didn't know any spells.
Your spell library was empty.

Dungeon Overview and Level Annotations

Branches:
Dungeon (3/15)

Altars:


Innate Abilities, Weirdness & Mutations

Your experience applies equally to all skills.
You have very sharp teeth.
Your uncanny sense of smell can sniff out nearby items.


Message History

Your unstable footing causes you to fumble your attack.
The worm bites you.
You barely miss the worm. You bite the worm, but do no damage.
You are feeling hungry.
You hit the worm. You bite the worm.
The worm is moderately wounded.
You feel sick. The worm misses you.
You barely miss the worm.
The worm is moderately wounded.
You hit the worm.
The worm is moderately wounded.
The worm bites you.
* * * LOW HITPOINT WARNING * * *
You barely miss the worm.
The worm is moderately wounded.
Your unstable footing causes you to fumble your attack.
You feel sick.
You are no longer poisoned.
The worm bites you!
You die...

#### ####
####≈≈####≈≈##
#..≈≈≈≈≈≈†≈≈≈#
#.##≈≈####≈≈##
#..####≈ ##†#
##.#≈≈≈ #≈#
###.#≈≈ #≈#
#...#w## ##≈#
#..##@≈####≈≈##
#..#≈≈≈≈≈≈≈≈≈≈#
#..##≈≈####≈≈##
#...##### ####
#.......#
###.##### #.#
#.# #.#


You could see a worm.

Vanquished Creatures
  3 adders
  A river rat (D:3)
  2 dart slugs (D:1)
  2 leopard geckos
  4 giant cockroaches
  9 goblins
  6 hobgoblins (D:1)
  11 jackals (D:1)
  3 kobolds
  2 quokkas (D:2)
  8 bats
  2 frilled lizards (D:1)
  4 rats
57 creatures vanquished.

Notes
Turn   | Place    | Note
-------+----------+-------------------------------------------
     0 | D:1      | troglodite the Gnoll Wanderer began the quest for the Orb.
     0 | D:1      | troglodite set off with the following items: a +2 dagger, a
                  | potion of heal wounds, a +0 mace, a +0 spear, a +0 robe, a
                  | ration
     0 | D:1      | Reached XP level 1. HP: 26/26 MP: 1/1
    39 | D:1      | Reached XP level 2. HP: 10/33 MP: 2/2
   574 | D:1      | Reached XP level 3. HP: 23/38 MP: 3/3
   941 | D:1      | Reached skill level 1 in Invocations
  1179 | D:2      | Reached skill level 1 in Short Blades
  1179 | D:2      | Reached skill level 1 in Long Blades
  1179 | D:2      | Reached skill level 1 in Maces & Flails
  1179 | D:2      | Reached skill level 1 in Staves
  1179 | D:2      | Reached skill level 1 in Slings
  1179 | D:2      | Reached skill level 1 in Bows
  1179 | D:2      | Reached skill level 1 in Crossbows
  1179 | D:2      | Reached skill level 1 in Dodging
  1179 | D:2      | Reached skill level 1 in Shields
  1179 | D:2      | Reached skill level 1 in Unarmed Combat
  1179 | D:2      | Reached skill level 1 in Spellcasting
  1179 | D:2      | Reached skill level 1 in Evocations
  1179 | D:2      | Reached XP level 4. HP: 42/45 MP: 5/5
  2145 | D:3      | Reached skill level 1 in Conjurations
  2145 | D:3      | Reached skill level 1 in Hexes
  2145 | D:3      | Reached skill level 1 in Charms
  2145 | D:3      | Reached skill level 1 in Summonings
  2145 | D:3      | Reached skill level 1 in Necromancy
  2145 | D:3      | Reached skill level 1 in Translocations
  2145 | D:3      | Reached skill level 1 in Transmutations
  2145 | D:3      | Reached skill level 1 in Fire Magic
  2145 | D:3      | Reached skill level 1 in Ice Magic
  2145 | D:3      | Reached skill level 1 in Air Magic
  2145 | D:3      | Reached skill level 1 in Earth Magic
  2145 | D:3      | Reached skill level 1 in Poison Magic
  2269 | D:3      | Slain by a worm

Skill      XL: |  1  2  3  4 |
---------------+-------------+-----
Invocations    | 1 |  1.3
Short Blades   | 1 |  1.2
Long Blades    | 1 |  1.2
Maces & Flails | 1 |  1.2
Staves         | 1 |  1.2
Slings         | 1 |  1.2
Bows           | 1 |  1.2
Crossbows      | 1 |  1.2
Dodging        | 1 |  1.2
Shields        | 1 |  1.2
Unarmed Combat | 1 |  1.2
Spellcasting   | 1 |  1.2
Evocations     | 1 |  1.2
Conjurations   | 1 |  1.0
Hexes          | 1 |  1.0
Charms         | 1 |  1.0
Summonings     | 1 |  1.0
Necromancy     | 1 |  1.0
Translocations | 1 |  1.0
Transmutations | 1 |  1.0
Fire Magic     | 1 |  1.0
Ice Magic      | 1 |  1.0
Air Magic      | 1 |  1.0
Earth Magic    | 1 |  1.0
Poison Magic   | 1 |  1.0
Fighting       | |  8.6
Axes           | |  2.8
Polearms       | |  2.8
Throwing       | |  2.8
Armour         | |  2.8
Stealth        | |  4.3

Action                   |  1- 3 |  4- 6 || total
-------------------------+-------+-------++-------
Melee: Dagger            |   130 |    68 ||   198
       Bite              |     9 |     7 ||    16
  Use: Scroll            |       |     3 ||     3
 Stab: Sleeping          |     4 |     3 ||     7
  Eat: Chunk             |     1 |     3 ||     4
Armor: Robe              |    34 |       ||    34
       Ring mail         |       |    15 ||    15
Dodge: Dodged            |   101 |    24 ||   125
